[Event "Titled Tuesday Blitz August 22 Early 2023"]
[White "Yurovskykh, Oleksandr"]
[Black "Starozhilov, Leonid"]
[WhiteFideId "14134020"]
[BlackFideId "14106752"]
[WhiteElo "2582"]
[BlackElo "2754"]
[Result "1/2-1/2"]
[Round "7"]
[TimeControl "180+1"]
[Date "2023.08.22"]
[WhiteClock "0:00:04"]
[BlackClock "0:00:04"]
[Board "71"]

1. b3 d5 2. Nf3 Bf5 3. Bb2 e6 4. g3 h6 5. Bg2 Nf6 6. O-O Be7 7. d3 O-O 8. Nbd2 Bh7 9. Re1 a5 10. a4 Nbd7 11. e4 c6 12. Qe2 Nc5 13. Ne5 Nfd7 14. Nxd7 Nxd7 15. f4 Bf6 16. Bxf6 Qxf6 17. e5 Qe7 18. Nf3 Rfc8 19. Nd4 Qb4 20. Qf2 b5 21. Bh3 Nc5 22. axb5 cxb5 23. f5 exf5 24. Bxf5 Bxf5 25. Nxf5 Ne6 26. Nd6 Rc7 27. c4 bxc4 28. bxc4 dxc4 29. dxc4 Qc5 30. Re2 Nd4 31. Re4 Nb3 32. Qxc5 Nxc5 33. Re3 a4 34. Ne4 Nxe4 35. Rxe4 Rc5 36. Ra3 Rca5 37. c5 Rxc5 38. Rexa4 Rxa4 39. Rxa4 Rxe5 40. Kg2 Re2+ 41. Kg1 h5 42. Ra5 g6 43. Ra6 Rb2 44. Rc6 Kg7 45. h4 Re2 46. Rd6 Re6 47. Rd5 Kf6 48. Kg2 Re5 49. Rd6+ Ke7 50. Rd4 f6 51. Kf3 g5 52. hxg5 fxg5 53. Ra4 Kf6 54. Rb4 Kf5 55. Ra4 Rb5 56. g4+ hxg4+ 57. Kg3 Rb3+ 58. Kg2 g3 59. Rc4 Kg6 60. Rc8 Kh5 61. Rc4 g4 62. Rc8 Kh4 63. Rh8+ Kg5 64. Rg8+ Kf5 65. Rf8+ Kg6 66. Rg8+ Kf5 1/2-1/2


[Site "https://www.chess.com"]

[Event "Titled Tuesday Blitz August 22 Early 2023"]
[White "Matinian, Nikita"]
[Black "NovoselovRoman"]
[WhiteFideId "24129100"]
[WhiteElo "2705"]
[BlackElo "2581"]
[Result "1/2-1/2"]
[Round "7"]
[TimeControl "180+1"]
[Date "2023.08.22"]
[WhiteClock "0:00:07"]
[BlackClock "0:00:04"]
[Board "72"]

1. e4 d5 2. exd5 Qxd5 3. Nc3 Qd6 4. d4 Nf6 5. Nb5 Qb6 6. a4 c6 7. Na3 Bf5 8. Nf3 e6 9. Nc4 Qd8 10. Bf4 Be7 11. c3 O-O 12. Nfe5 Nbd7 13. Be2 Nxe5 14. Nxe5 Bd6 15. g4 Bg6 16. h4 Nd5 17. Bg3 Bxe5 18. dxe5 h6 19. a5 a6 20. Qd4 Qe7 21. h5 Bh7 22. Bh4 Qc7 23. f4 c5 24. Qf2 f6 25. exf6 Nxf6 26. Qe3 Rae8 27. Qe5 Qc6 28. O-O Qe4 29. Qxe4 Bxe4 30. Rad1 Bc6 31. g5 Nd5 32. gxh6 gxh6 33. Kh2 Nxf4 34. Bg4 e5 35. Rd6 Nd5 36. Rxf8+ Rxf8 37. Rxh6 Rf4 38. Rg6+ Kh7 39. Bg3 Rf8 40. Rd6 Ne3 41. Be2 Nf1+ 42. Bxf1 Rxf1 43. Bxe5 Rh1+ 44. Kg3 Rxh5 45. Kf4 Rh4+ 46. Kg5 Re4 47. Re6 Kg8 48. Re7 Kf8 49. Kf6 Re2 50. Rc7 Rf2+ 51. Ke6 Kg8 52. Rc8+ Rf8 53. Rc7 Re8+ 54. Kd6 c4 55. Bd4 Rd8+ 56. Kc5 Rd5+ 57. Kxc4 Rxa5 58. b4 Rh5 59. Bc5 Rh4+ 60. Kd3 Bb5+ 61. Ke3 Bc6 62. Bd4 Rh3+ 63. Kf4 Rh5 64. Kg4 Rd5 65. Kf4 Kf8 66. Bc5+ Ke8 67. c4 Rh5 68. Ke3 Kd8 69. Rg7 Rh3+ 70. Kd4 Rh4+ 71. Ke5 Rxc4 72. Kd6 Re4 73. Rg8+ Re8 74. Bb6+ Kc8 75. Rg7 Kb8 76. Rf7 Rc8 77. Re7 Bb5 78. Bc7+ Ka7 79. Rg7 Re8 80. Re7 Rh8 81. Re6 Bc6 82. Kc5 Rh5+ 83. Re5 Rxe5+ 84. Bxe5 Ka8 85. Kb6 Bd5 86. Bc7 Bc6 87. Bd6 Bd5 88. Bc7 Bc6 89. Bd6 Bd5 90. Bc7 1/2-1/2


[Site "https://www.chess.com"]

[Event "Titled Tuesday Blitz August 22 Early 2023"]
[White "Martinez Reyes, Pedro Ramon"]
[Black "Zhao, Jun"]
[WhiteFideId "3901807"]
[BlackFideId "8602522"]
[WhiteElo "2558"]
[BlackElo "2695"]
[Result "0-1"]
[Round "7"]
[TimeControl "180+1"]
[Date "2023.08.22"]
[WhiteClock "0:00:01"]
[BlackClock "0:00:17"]
[Board "73"]

1. d4 Nf6 2. c4 g6 3. Nc3 d5 4. Bf4 Bg7 5. e3 O-O 6. Rc1 c5 7. dxc5 Be6 8. Nf3 Nc6 9. Ng5 Qa5 10. Nxe6 fxe6 11. Qa4 Qd8 12. cxd5 exd5 13. Bb5 e5 14. Bg5 d4 15. Ne4 Kh8 16. Bxf6 Bxf6 17. Bxc6 bxc6 18. O-O Qd5 19. Nxf6 Rxf6 20. exd4 exd4 21. Rfd1 d3 22. Qc4 Rd8 23. Qc3 Qf5 24. Rd2 Kg8 25. Re1 Rf7 26. Ree2 dxe2 27. Rxd8+ Rf8 28. Qc4+ Kg7 29. Qc3+ Qf6 30. Rd7+ Rf7 31. Rxf7+ Kxf7 32. Qc4+ Qe6 33. Qf4+ Kg8 34. Qb8+ Kg7 35. Qc7+ Kh6 36. Qf4+ g5 37. Qf8+ Kg6 38. Qg8+ 0-1


[Site "https://www.chess.com"]

[Event "Titled Tuesday Blitz August 22 Early 2023"]
[White "Timmermans, Mark"]
[Black "Postlmayer, Jakob"]
[WhiteFideId "1026399"]
[BlackFideId "1643622"]
[WhiteElo "2694"]
[BlackElo "2554"]
[Result "0-1"]
[Round "7"]
[TimeControl "180+1"]
[Date "2023.08.22"]
[WhiteClock "0:00:18"]
[BlackClock "0:00:20"]
[Board "74"]

1. e4 e5 2. Nf3 Nf6 3. Nxe5 d6 4. Nc4 Nxe4 5. Ne3 d5 6. d3 Nf6 7. d4 g6 8. Bd3 Bg7 9. O-O O-O 10. a4 c6 11. a5 Re8 12. b3 Nbd7 13. Bb2 Ne4 14. Nd2 Ndf6 15. Nf3 Ng4 16. Ne5 Nxe5 17. Bxe4 Ng4 18. Nxg4 Bxg4 19. Bf3 Bxf3 20. Qxf3 Re4 21. a6 b5 22. c4 bxc4 23. bxc4 Bxd4 24. Bxd4 Rxd4 25. Rfc1 dxc4 26. Qxc6 Rc8 27. Qb7 Rd7 28. Qb4 c3 29. h3 c2 30. Qb3 Rd2 31. Qe3 Qd4 32. Qxd4 Rxd4 33. Kf1 Rd2 34. Ke1 Rcd8 35. h4 Kg7 36. g3 R8d5 37. Kf1 Rf5 38. Ra2 Rfxf2+ 39. Kg1 h5 40. Rb2 Rfe2 41. Kf1 Rh2 42. Kg1 Rhg2+ 43. Kf1 Rxg3 44. Rbxc2 Rxc2 45. Rxc2 Ra3 46. Rc6 Ra4 47. Kg2 Rxh4 48. Rc7 Ra4 49. Rxa7 g5 50. Ra8 g4 51. a7 f5 52. Kf2 f4 53. Ke2 Ra2+ 54. Kd3 f3 0-1


[Site "https://www.chess.com"]

[Event "Titled Tuesday Blitz August 22 Early 2023"]
[White "Badelka, Olga"]
[Black "Hoang, Thi Bao Tram"]
[WhiteFideId "13509926"]
[BlackFideId "12401102"]
[WhiteElo "2549"]
[BlackElo "2694"]
[Result "1-0"]
[Round "7"]
[TimeControl "180+1"]
[Date "2023.08.22"]
[WhiteClock "0:00:04"]
[BlackClock "0:00:00"]
[Board "75"]

1. c4 c6 2. d4 d5 3. Nf3 Nf6 4. e3 g6 5. Nc3 Bg7 6. Be2 O-O 7. O-O a6 8. a3 b5 9. cxd5 cxd5 10. Bd2 Bb7 11. Rc1 Nbd7 12. a4 b4 13. Nb1 a5 14. Be1 Nb6 15. Nbd2 Ne8 16. Bb5 Nd6 17. Bd3 Qd7 18. b3 Rfc8 19. Ne5 Qe8 20. f4 f6 21. Ng4 Qd7 22. Rxc8+ Rxc8 23. h4 Ne4 24. Nxe4 dxe4 25. Bb5 Qe6 26. h5 Bd5 27. hxg6 hxg6 28. Nf2 Bxb3 29. Qb1 Bc2 30. Qb2 f5 31. Bd2 Qb3 32. Qa1 Nxa4 33. Rc1 Bf6 34. Bxa4 Qxa4 35. Qxa4 Bxa4 36. Rxc8+ Kf7 37. Ra8 g5 38. Rxa5 Bd7 39. fxg5 Bxg5 40. Nd1 Be6 41. Bxb4 Bb3 42. Ra1 Bxd1 43. Rxd1 Bxe3+ 44. Kf1 Bf4 45. Ke2 Ke6 46. Bd2 Bd6 47. Rf1 Bc7 48. Be3 Bd6 49. Bf4 Bb4 50. Be5 Bc3 51. Ke3 Bb4 52. Rb1 Ba3 53. Ra1 Bb4 54. Ra6+ Kd5 55. g4 fxg4 56. Rg6 Ba3 57. Rxg4 Bc1+ 58. Ke2 e6 59. Rg8 1-0


[Site "https://www.chess.com"]

[Event "Titled Tuesday Blitz August 22 Early 2023"]
[White "KarolKacprzak"]
[Black "Budrewicz, Krzysztof"]
[BlackFideId "1127950"]
[WhiteElo "2689"]
[BlackElo "2547"]
[Result "1-0"]
[Round "7"]
[TimeControl "180+1"]
[Date "2023.08.22"]
[WhiteClock "0:00:20"]
[BlackClock "0:01:02"]
[Board "76"]

1. d4 g6 2. e4 Bg7 3. Nf3 d6 4. Nc3 a6 5. a4 Nc6 6. Be3 Bg4 7. Be2 Bxf3 8. Bxf3 e5 9. d5 Nd4 10. Be2 Ne7 11. O-O O-O 12. Qd2 c6 13. dxc6 bxc6 14. a5 Qb8 15. Na4 f5 16. Bxd4 exd4 17. Nb6 Ra7 18. Bc4+ Kh8 19. exf5 Nxf5 20. Be6 d5 21. Nd7 Rxd7 22. Bxd7 Qd6 23. Bxf5 gxf5 24. Rfe1 c5 25. Qe2 c4 26. Qe6 Qb4 27. Qxd5 h6 28. Rab1 f4 29. b3 c3 30. Rbd1 f3 31. Rd3 fxg2 32. Rf3 Rg8 33. Rg3 Qf8 34. Qf3 Qc5 35. Qf7 d3 36. Re8 Rxe8 37. Qxe8+ Kh7 38. Qg6+ 1-0


[Site "https://www.chess.com"]

[Event "Titled Tuesday Blitz August 22 Early 2023"]
[White "GaiozNigalidze"]
[Black "Moral Garcia, Serafin"]
[BlackFideId "2201925"]
[WhiteElo "2687"]
[BlackElo "2542"]
[Result "0-1"]
[Round "7"]
[TimeControl "180+1"]
[Date "2023.08.22"]
[WhiteClock "0:00:09"]
[BlackClock "0:00:24"]
[Board "77"]

1. d4 Nf6 2. c4 g6 3. Nc3 d5 4. Nf3 Bg7 5. Bg5 Ne4 6. cxd5 Nxg5 7. Nxg5 O-O 8. Nf3 c6 9. dxc6 Nxc6 10. e3 e5 11. d5 e4 12. dxc6 exf3 13. Qxd8 Rxd8 14. c7 Rd7 15. gxf3 Rxc7 16. Rc1 Be6 17. Bd3 Rac8 18. Kd2 a6 19. a3 b5 20. Rhd1 Rc5 21. Rg1 Kf8 22. Rgd1 Ke7 23. Rg1 Rh5 24. Rh1 Rh3 25. Ke2 Be5 26. f4 Bg4+ 27. Kd2 Bxc3+ 28. Rxc3 Rxc3 29. Kxc3 Bf3 30. Rc1 Rxh2 31. Rc2 h5 32. Kb4 h4 33. Ka5 h3 34. Kxa6 Rh1 35. Be2 Bxe2 36. Rxe2 Rg1 37. f3 Rg2 38. Re1 Rxb2 39. Rh1 h2 40. e4 Kf6 41. Kb6 g5 42. f5 Ke5 43. Kc5 Kf4 44. Kd6 Kxf3 45. e5 Kg2 46. Rxh2+ Kxh2 47. Ke7 Rf2 48. f6 Rf5 0-1


[Site "https://www.chess.com"]

[Event "Titled Tuesday Blitz August 22 Early 2023"]
[White "Hua, Lefong"]
[Black "Shvedova, Alexandra"]
[WhiteFideId "2602253"]
[BlackFideId "54154782"]
[WhiteElo "2685"]
[BlackElo "2543"]
[Result "1/2-1/2"]
[Round "7"]
[TimeControl "180+1"]
[Date "2023.08.22"]
[WhiteClock "0:00:42"]
[BlackClock "0:00:32"]
[Board "78"]

1. d4 Nf6 2. c4 e6 3. Nc3 Bb4 4. f3 c5 5. a3 Bxc3+ 6. bxc3 Nc6 7. e4 O-O 8. Be3 d5 9. cxd5 exd5 10. e5 Nd7 11. f4 cxd4 12. cxd4 Nb6 13. Nf3 Bf5 14. Be2 Na5 15. O-O Nbc4 16. Bc1 Qb6 17. Bd3 Bxd3 18. Qxd3 Qb3 19. Qxb3 Nxb3 20. Rb1 Nxc1 21. Rfxc1 b6 22. a4 Rfc8 23. Kf2 Kf8 24. Ke2 Ke7 25. Nd2 Na3 26. Rxc8 Rxc8 27. Rb2 Nc2 28. Nf3 Na3 29. Nd2 Nc2 30. Kd3 Ne1+ 31. Ke2 Nxg2 32. Kf3 Ne1+ 33. Ke2 Nc2 34. Kd3 Ne1+ 35. Ke2 Ng2 36. Kf3 Ne1+ 37. Ke2 1/2-1/2


[Site "https://www.chess.com"]

[Event "Titled Tuesday Blitz August 22 Early 2023"]
[White "Vovk, Orest"]
[Black "Pert, Richard G"]
[WhiteFideId "14113490"]
[BlackFideId "404748"]
[WhiteElo "2541"]
[BlackElo "2679"]
[Result "0-1"]
[Round "7"]
[TimeControl "180+1"]
[Date "2023.08.22"]
[WhiteClock "0:02:00"]
[BlackClock "0:02:16"]
[Board "79"]

1. g4 e5 2. g5 Nc6 3. Bg2 Qxg5 4. Bd5 Nf6 5. d4 Qg6 6. dxe5 Nxd5 7. Qxd5 Nb4 8. Qf3 Nxc2+ 9. Kf1 Nxa1 10. Nh3 Qxb1 0-1


[Site "https://www.chess.com"]

[Event "Titled Tuesday Blitz August 22 Early 2023"]
[White "Korchmar, Vasiliy"]
[Black "subham777"]
[WhiteFideId "24131750"]
[WhiteElo "2675"]
[BlackElo "2538"]
[Result "1-0"]
[Round "7"]
[TimeControl "180+1"]
[Date "2023.08.22"]
[WhiteClock "0:02:03"]
[BlackClock "0:00:00"]
[Board "80"]

1. e4 e6 2. d4 d5 3. e5 c5 4. c3 Nc6 5. Nf3 Qb6 6. Be2 cxd4 7. cxd4 Nge7 8. Na3 Nf5 9. Nc2 Nb4 10. Ne3 Nxe3 11. Bxe3 Be7 12. O-O O-O 13. a3 Nc6 14. b4 Bd7 15. Bd3 Rac8 16. h4 f5 17. exf6 Bxf6 18. Ne5 Bxe5 19. dxe5 Qd8 20. Qh5 g6 21. Bxg6 hxg6 22. Qxg6+ Kh8 23. Qh6+ Kg8 24. Qg6+ Kh8 25. Bg5 Qe8 26. Qh6+ Kg8 27. Bf6 Rxf6 28. exf6 Qf7 29. Rac1 Qh7 30. f7+ Qxf7 31. Rc3 Qg7 32. Rg3 Qxg3 33. fxg3 Ne7 34. Qg5+ Ng6 35. Qxg6+ 1-0


[Site "https://www.chess.com"]

[Event "Titled Tuesday Blitz August 22 Early 2023"]
[White "Jovic, Stanoje"]
[Black "Itgelt, Khuyagtsogt"]
[WhiteFideId "905020"]
[BlackFideId "4902912"]
[WhiteElo "2535"]
[BlackElo "2655"]
[Result "0-1"]
[Round "7"]
[TimeControl "180+1"]
[Date "2023.08.22"]
[WhiteClock "0:00:00"]
[BlackClock "0:00:06"]
[Board "81"]

1. c4 e5 2. g3 Nf6 3. Bg2 c6 4. Nf3 e4 5. Nd4 d5 6. cxd5 cxd5 7. O-O Bc5 8. Nb3 Bb6 9. d3 O-O 10. dxe4 Nxe4 11. Nc3 Nxc3 12. bxc3 Be6 13. Nd4 Nc6 14. Nxe6 fxe6 15. e4 d4 16. Ba3 Rf7 17. cxd4 Nxd4 18. e5 Qc7 19. Bd6 Qc4 20. Kh1 h6 21. Qc1 Qe2 22. Qe1 Qh5 23. f4 Nc2 24. Qd1 Qxd1 25. Raxd1 Ne3 26. Bh3 Nxd1 27. Rxd1 Re8 28. Bg4 g6 29. h4 h5 30. Bf3 Rd7 31. Rb1 Kf7 32. Be2 Rc8 33. Bb5 Rdd8 34. a4 Rc3 35. Kg2 Rdc8 36. Bd7 Rc2+ 37. Kh3 Rc1 38. Rb2 R8c2 39. Rxc2 Rxc2 40. g4 Rc3+ 41. Kg2 hxg4 42. Bb5 Bc5 43. Bb8 a6 44. Be2 Be7 45. Bxg4 Rc8 46. Ba7 Bc5 47. Bxc5 Rxc5 48. h5 gxh5 49. Bxh5+ Ke7 50. Bf3 b6 51. Be2 a5 52. Kf3 Rc3+ 0-1


[Site "https://www.chess.com"]

[Event "Titled Tuesday Blitz August 22 Early 2023"]
[White "Ovchinnikov, Vsevolod"]
[Black "matenitian"]
[WhiteFideId "24176842"]
[WhiteElo "2651"]
[BlackElo "2513"]
[Result "1-0"]
[Round "7"]
[TimeControl "180+1"]
[Date "2023.08.22"]
[WhiteClock "0:00:03"]
[BlackClock "0:00:00"]
[Board "82"]

1. d4 Nf6 2. c4 c5 3. d5 b5 4. cxb5 a6 5. bxa6 g6 6. Nc3 Bg7 7. a7 Rxa7 8. e4 Qa5 9. Bd2 Qb6 10. Nf3 Ba6 11. Be2 Bxe2 12. Qxe2 Qa6 13. e5 Ng4 14. Bf4 Qxe2+ 15. Kxe2 Rb7 16. Rab1 g5 17. Bg3 f5 18. exf6 Bxf6 19. Ne4 d6 20. Nfxg5 Bxg5 21. Nxg5 Nf6 22. Rhd1 Na6 23. Ne6 Nb4 24. a3 Nbxd5 25. Ng5 Kd7 26. Rd2 Nc3+ 27. bxc3 Rxb1 28. h4 Rhb8 29. Nf3 R8b2 30. Kd3 Rxd2+ 31. Nxd2 Ra1 32. Bf4 Rxa3 33. Bg5 d5 34. Kc2 Ra2+ 35. Kb1 Ra4 36. f3 Ke6 37. Kb2 Nd7 38. Kb3 1-0


[Site "https://www.chess.com"]

[Event "Titled Tuesday Blitz August 22 Early 2023"]
[White "Karamsetty, Jeevan"]
[Black "Haug, Havard"]
[WhiteFideId "2025337"]
[BlackFideId "1547887"]
[WhiteElo "2532"]
[BlackElo "2639"]
[Result "0-1"]
[Round "7"]
[TimeControl "180+1"]
[Date "2023.08.22"]
[WhiteClock "0:00:00"]
[BlackClock "0:01:34"]
[Board "83"]

1. e4 c6 2. d4 d5 3. exd5 cxd5 4. Bd3 Nc6 5. c3 Qc7 6. Nf3 Bg4 7. h3 Bxf3 8. Qxf3 e6 9. Bf4 Bd6 10. Bxd6 Qxd6 11. O-O Nf6 12. Nd2 O-O 13. Rfe1 Rfe8 14. Nb3 Nd7 15. Rad1 g6 16. Bf1 Re7 17. Qg4 Kg7 18. Qh4 Rae8 19. f4 f5 20. Nd2 Nf6 21. Nf3 Ne4 22. Ne5 Nxe5 23. dxe5 Qb6+ 24. Kh2 Qxb2 25. Bd3 Nxc3 26. Qf6+ Kg8 27. Rc1 Qd2 28. Rxc3 Qxc3 29. Re3 Qd2 30. Rf3 a6 31. Qg5 Rf7 32. h4 Rg7 33. Qf6 Qa5 34. h5 Qd8 35. hxg6 Qxf6 36. exf6 Rxg6 0-1


[Site "https://www.chess.com"]

[Event "Titled Tuesday Blitz August 22 Early 2023"]
[White "Janaszak, Dawid"]
[Black "Agibileg, Uurtsaikh"]
[WhiteFideId "1119206"]
[BlackFideId "4901606"]
[WhiteElo "2497"]
[BlackElo "2634"]
[Result "1-0"]
[Round "7"]
[TimeControl "180+1"]
[Date "2023.08.22"]
[WhiteClock "0:00:10"]
[BlackClock "0:00:00"]
[Board "84"]

1. e4 c5 2. Nc3 e6 3. Nge2 d5 4. exd5 exd5 5. d4 Bg4 6. h3 Bh5 7. g4 Bg6 8. Bg2 Nf6 9. Bg5 Be7 10. Bxf6 Bxf6 11. Nxd5 O-O 12. O-O Bxd4 13. Nxd4 cxd4 14. Qxd4 Nc6 15. Qd2 Rc8 16. Rfe1 Qh4 17. c3 h5 18. Qf4 hxg4 19. Qxg4 Qh6 20. Qf4 Qxf4 21. Nxf4 Bf5 22. Be4 Bxe4 23. Rxe4 Rfd8 24. Rae1 Rd2 25. R1e2 Rd1+ 26. Kg2 Kh7 27. a3 Rcd8 28. Nh5 R8d6 29. Ng3 f6 30. Rh4+ Kg8 31. Rg4 R1d5 32. h4 Kf7 33. h5 Ne5 34. Rb4 b6 35. Ra4 Rd7 36. Rae4 Nd3 37. c4 Rg5 38. Kf1 Ne5 39. b3 Nf3 40. Kg2 Nd2 41. R4e3 1-0


[Site "https://www.chess.com"]

[Event "Titled Tuesday Blitz August 22 Early 2023"]
[White "Miszler, Levente"]
[Black "Sipila, Vilka"]
[WhiteFideId "763276"]
[BlackFideId "505455"]
[WhiteElo "2508"]
[BlackElo "2632"]
[Result "1-0"]
[Round "7"]
[TimeControl "180+1"]
[Date "2023.08.22"]
[WhiteClock "0:01:54"]
[BlackClock "0:00:12"]
[Board "85"]

1. Nf3 c5 2. c4 b5 3. cxb5 a6 4. bxa6 Bxa6 5. g3 Nc6 6. Bg2 e5 7. d3 d5 8. O-O Bd6 9. Nc3 Nge7 10. b3 O-O 11. Bb2 Qd7 12. Re1 f5 13. e4 fxe4 14. dxe4 d4 15. Nd5 Nxd5 16. exd5 Nb4 17. Nxe5 Qf5 18. Nf3 Nc2 19. Re6 Nxa1 20. Rxd6 Nc2 21. Qd2 d3 22. Nh4 Qh5 23. Rd7 Rf7 24. Bf3 Rxf3 25. Rxg7+ Kf8 26. Qa5 Rf7 27. Qxc5+ Ke8 28. Rg8+ Kd7 29. Qc6+ Ke7 30. Qe6# 1-0


[Site "https://www.chess.com"]

[Event "Titled Tuesday Blitz August 22 Early 2023"]
[White "Zarubitski, Viachaslau"]
[Black "Marn, Jan"]
[WhiteFideId "13509373"]
[BlackFideId "14619245"]
[WhiteElo "2626"]
[BlackElo "2492"]
[Result "0-1"]
[Round "7"]
[TimeControl "180+1"]
[Date "2023.08.22"]
[WhiteClock "0:00:03"]
[BlackClock "0:00:04"]
[Board "86"]

1. e4 e5 2. Nf3 Nc6 3. Bc4 Bc5 4. b4 Bxb4 5. c3 Be7 6. d4 Na5 7. Bd3 d6 8. O-O Nf6 9. Qa4+ c6 10. dxe5 dxe5 11. Nxe5 O-O 12. Bf4 Nh5 13. Be3 Bf6 14. Nf3 Qxd3 15. Qxa5 b5 16. e5 Bd8 17. Qb4 g6 18. Nbd2 a5 19. Qc5 Qd5 20. Qxd5 cxd5 21. Rab1 b4 22. cxb4 axb4 23. Bc5 Re8 24. Rb2 Nf4 25. Nb3 Nd3 26. Rc2 Nxe5 27. Nxe5 Rxe5 28. Bd4 Re8 29. Rfc1 Be6 30. f4 Bf5 31. Rc5 Be4 32. Rb5 Rxa2 33. Rb8 Rxg2+ 34. Kf1 Rxh2 35. Rcc8 f6 36. Rxd8 Rxd8 37. Rxd8+ Kf7 38. Rd7+ Ke6 39. Rb7 Kf5 40. Nc5 Kxf4 41. Nxe4 Kxe4 42. Rxb4 Kf5 43. Rb6 Kg5 44. Bxf6+ Kg4 45. Bd4 Rd2 46. Be3 Rd3 47. Ke2 Ra3 48. Rb4+ Kf5 49. Rf4+ Ke5 50. Rh4 h5 51. Rf4 Ra2+ 52. Kf3 Ra3 53. Rf8 d4 54. Re8+ Kf6 55. Rf8+ Kg7 56. Rd8 Rxe3+ 57. Kf4 Re7 58. Rxd4 Rf7+ 59. Kg5 Rf5+ 60. Kh4 Kh6 61. Rd6 Ra5 62. Kg3 Ra3+ 63. Kh4 Ra4+ 64. Kg3 h4+ 65. Kh3 Kh5 66. Rd8 Ra3+ 67. Kh2 g5 68. Rd4 Ra2+ 69. Kh3 Ra3+ 70. Kh2 h3 71. Rc4 g4 72. Rc8 Ra2+ 73. Kg3 Rg2+ 74. Kf4 h2 75. Rh8+ Kg6 76. Rh4 g3 77. Kf3 Rg1 0-1


[Site "https://www.chess.com"]

[Event "Titled Tuesday Blitz August 22 Early 2023"]
[White "WindWhistler11"]
[Black "Arat, Ufuk Sezen"]
[BlackFideId "6309089"]
[WhiteElo "2470"]
[BlackElo "2615"]
[Result "1-0"]
[Round "7"]
[TimeControl "180+1"]
[Date "2023.08.22"]
[WhiteClock "0:01:32"]
[BlackClock "0:01:50"]
[Board "87"]

1. Nf3 Nf6 2. g3 d5 3. c4 e6 4. Bg2 Be7 5. O-O O-O 6. b3 c5 7. Bb2 Nc6 8. cxd5 exd5 9. d4 Ne4 10. Nc3 Bf6 11. e3 Nxc3 12. Bxc3 Bg4 13. Qd2 Bxf3 14. Bxf3 cxd4 15. Bxd4 Bxd4 16. exd4 Qf6 17. Bxd5 Nxd4 18. Rad1 Rad8 19. Qxd4 Qa6 20. Qc4 b5 21. Bxf7+ Kh8 22. Rxd8 Rxd8 23. Qe2 Qf6 24. Bh5 b4 25. Re1 h6 26. Bf3 Rf8 27. Be4 a5 28. Bd3 Rd8 29. Qe8+ 1-0


[Site "https://www.chess.com"]

[Event "Titled Tuesday Blitz August 22 Early 2023"]
[White "Baches Garcia, Guillermo"]
[Black "Gimenez Aguirre, Alejo Ismael"]
[WhiteFideId "2209764"]
[BlackFideId "32041667"]
[WhiteElo "2435"]
[BlackElo "2609"]
[Result "0-1"]
[Round "7"]
[TimeControl "180+1"]
[Date "2023.08.22"]
[WhiteClock "0:00:05"]
[BlackClock "0:01:21"]
[Board "88"]

1. e4 c5 2. Nf3 g6 3. d4 cxd4 4. Qxd4 Nf6 5. c4 Nc6 6. Qe3 Bg7 7. h3 d6 8. Be2 O-O 9. O-O Be6 10. Nc3 Qa5 11. Rb1 Rfc8 12. Rd1 Ne5 13. b3 Nfg4 14. hxg4 Nxg4 15. Qg5 Bxc3 16. Nd4 Rc5 17. Qxe7 Bxd4 18. Rxd4 Qe1+ 0-1


[Site "https://www.chess.com"]

[Event "Titled Tuesday Blitz August 22 Early 2023"]
[White "Tiarks, Jann-Christian"]
[Black "Boarish_Male"]
[WhiteFideId "12951595"]
[WhiteElo "2323"]
[BlackElo "2606"]
[Result "0-1"]
[Round "7"]
[TimeControl "180+1"]
[Date "2023.08.22"]
[WhiteClock "0:00:58"]
[BlackClock "0:00:16"]
[Board "89"]

1. e4 c5 2. Nc3 Nc6 3. g3 g6 4. Bg2 Bg7 5. Nge2 d6 6. d3 e6 7. Be3 Nge7 8. Qd2 Rb8 9. Bh6 O-O 10. h4 Nd4 11. Bxg7 Kxg7 12. h5 Ng8 13. O-O-O b5 14. Nxd4 cxd4 15. Ne2 e5 16. Kb1 b4 17. f4 f5 18. Rh2 Be6 19. exf5 gxf5 20. h6+ Kh8 21. Re1 Qa5 22. b3 Qd8 23. Nxd4 exd4 24. Rxe6 Rf6 25. Qe1 Qf8 26. Bd5 Rxe6 27. Qxe6 Re8 28. Qd7 Re7 29. Qb5 Nxh6 30. Qxb4 Qf6 31. Rh1 Kg7 32. Qb8 Qg6 33. Qg8+ Nxg8 0-1


[Site "https://www.chess.com"]

[Event "Titled Tuesday Blitz August 22 Early 2023"]
[White "Miguelitro69"]
[Black "Borgaonkar Akshay"]
[BlackFideId "25639110"]
[WhiteElo "2278"]
[BlackElo "2592"]
[Result "0-1"]
[Round "7"]
[TimeControl "180+1"]
[Date "2023.08.22"]
[WhiteClock "0:00:00"]
[BlackClock "0:00:09"]
[Board "90"]

1. e4 Nf6 2. d3 e5 3. g3 h5 4. h4 d5 5. Bg2 dxe4 6. dxe4 Qxd1+ 7. Kxd1 Bc5 8. Ke1 Nc6 9. c3 Be6 10. Nd2 O-O-O 11. Nh3 Rd3 12. Ng5 Ng4 13. Rf1 Rhd8 14. Nxe6 fxe6 15. Bh3 Kb8 16. Bxg4 hxg4 17. Nc4 Rd1+ 18. Ke2 Rxf1 19. Kxf1 Rd1+ 20. Ke2 Rh1 21. Ne3 Bxe3 22. Kxe3 b5 23. b3 Re1+ 24. Kd3 Rd1+ 25. Ke2 Rd7 26. Be3 a5 27. a4 b4 28. Rc1 Kb7 29. cxb4 Nxb4 30. Rc5 Nc6 31. Rb5+ Ka6 32. Bc5 Rd4 33. Ke3 Rd1 34. Bf8 Nd4 35. Rxe5 c6 36. Bxg7 Nxb3 37. Rxe6 Kb6 38. Kf4 Nc5 39. Rg6 Nxa4 40. Kxg4 Nc5 41. Rg5 Nxe4 42. Re5 Nxf2+ 43. Kg5 a4 44. h5 Rh1 45. h6 Nd3 46. Re3 Nb4 47. Re4 Kb5 48. Bf8 Nd5 49. g4 Rh2 50. Kg6 c5 51. h7 Rxh7 52. Kxh7 Nf6+ 53. Kh8 Nxe4 54. Be7 a3 55. g5 Nxg5 56. Bxg5 a2 57. Bf6 c4 58. Kh7 Ka4 59. Kg6 Kb3 60. Kf5 c3 61. Bxc3 Kxc3 0-1


[Site "https://www.chess.com"]

[Event "Titled Tuesday Blitz August 22 Early 2023"]
[White "Shimanov, Aleksandr"]
[Black "Yedidia, Daniel"]
[WhiteFideId "4198603"]
[BlackFideId "30905907"]
[WhiteElo "2924"]
[BlackElo "2499"]
[Result "1/2-1/2"]
[Round "7"]
[TimeControl "180+1"]
[Date "2023.08.22"]
[WhiteClock "0:00:08"]
[BlackClock "0:00:05"]
[Board "91"]

1. e4 e5 2. Nf3 Nc6 3. Bc4 Nf6 4. d4 exd4 5. O-O Nxe4 6. Nc3 Nxc3 7. bxc3 d5 8. Bb5 Be7 9. Nxd4 Bd7 10. Bd3 Ne5 11. Be2 O-O 12. Bf4 Ng6 13. Bg3 c6 14. c4 dxc4 15. Bxc4 Bf6 16. c3 Ne5 17. Bb3 Bg4 18. Qc2 Bh5 19. Qb2 Qb6 20. a4 Nd3 21. Qa2 Qc5 22. Qd2 Bg6 23. Bc2 Ne5 24. Bb3 Nc4 25. Qa2 Na5 26. Rac1 Nxb3 27. Qxb3 b6 28. Rfe1 Rfe8 29. h3 h6 30. Bf4 Rad8 31. Be3 Qd6 32. Red1 Qc7 33. Qc4 Be4 34. Rd2 Qb7 35. Rcd1 c5 36. Nb5 Rxd2 37. Rxd2 Be5 38. Qf1 Bb8 39. Nd6 Bxd6 40. Rxd6 Qe7 41. Qd1 Qe5 42. Qd2 Qf5 43. Rd7 Qg6 44. g4 Qf6 45. Bf4 Bg6 46. Kh2 Qe6 47. Bg3 Be4 48. Rd6 Qe7 49. Rd7 Qe6 50. Rxa7 Bc6 51. f3 Bxf3 52. Rd7 Bc6 53. Rd8 Rxd8 54. Qxd8+ Kh7 55. Qd3+ Be4 56. Qe3 Bd5 57. Qxe6 Bxe6 58. Bc7 Bb3 59. Bxb6 Bxa4 60. Bxc5 Bb3 61. Kg3 Kg6 62. h4 Kf6 63. Bd4+ Kg6 64. h5+ Kh7 65. Kf4 Bd1 66. c4 Ba4 67. c5 Bd7 68. Bc3 g6 69. Bf6 Kg8 70. Kg3 Kf8 71. g5 hxg5 72. h6 Kg8 73. Bxg5 Kh7 74. Kh4 f6 75. Be3 g5+ 76. Bxg5 fxg5+ 77. Kxg5 Bc6 78. Kh5 Bd5 79. Kg5 Bc6 80. Kf6 Kxh6 81. Ke5 Bg2 82. Kd6 Kg5 83. Ke6 Kf4 84. Kf6 Ba8 85. Ke6 Ke4 86. Kd6 Kd4 87. c6 Bxc6 1/2-1/2


[Site "https://www.chess.com"]